 Dungeon Crawl Stone Soup version 0.29-a0-495-g17b79114eb (webtiles) character file.

Game seed: 8461309174006635982

8432 YayAnonymity the Nimble (level 11, -10/67 HPs)
             Began as a Tengu Air Elementalist on May 27, 2022.
             Was a Priest of Vehumet.
             Mangled by a shadow (22 damage)
             ... on level 9 of the Dungeon.
             The game lasted 00:31:59 (14955 turns).

YayAnonymity the Nimble (Tengu Air Elementalist)   Turns: 14955, Time: 00:32:00

Health: -10/67     AC: 10    Str: 17    XL:     11   Next: 30%
Magic:  17/30      EV: 18    Int: 21    God:    Vehumet [***...]
Gold:   568        SH:  8    Dex: 14    Spells: 4/22 levels left

rFire   . . .      SeeInvis .   b - staff of air
rCold   + . .      Faith    .   n - +0 buckler
rNeg    . . .      Spirit   .   H - +4 ring mail
rPois   .          Reflect  +   (helmet restricted)
rElec   +          Harm     .   E - scarf {+Inv}
rCorr   .          Rampage  .   x - +0 pair of gloves of the Carpenter {MP+9 Str+7 Int+2}
Will    .....                   (boots unavailable)
Stlth   +.........              A - amulet of reflection
HPRegen 0.21/turn               h - ring of protection from cold
MPRegen 0.22/turn               G - +4 ring of slaying

@: flying quickly and evasively, quick
A: beak, talons 3, nimble flight
a: Renounce Religion, Evoke Invisibility


You were on level 9 of the Dungeon.
You worshipped Vehumet.
Vehumet was most pleased with you.
You visited 2 branches of the dungeon, and saw 10 of its levels.

You collected 720 gold pieces.
You spent 152 gold pieces at shops.

Inventory:

Hand Weapons
 a - a +0 hand axe of flaming
 D - a +4 spear
Missiles
 g - 10 poisoned darts
 q - 5 boomerangs
Armour
 n - a +0 buckler (worn)
 x - the +0 pair of gloves of the Carpenter (worn) {MP+9 Str+7 Int+2}
   (You bought it in a shop on level 1 of the Dungeon)

   Str:       It affects your strength (+7).
   Int:       It affects your intelligence (+2).
   MP:        It affects your magic capacity (+9).
 E - a scarf of invisibility (worn)
 H - a +4 ring mail (worn)
Magical Staves
 b - a staff of air (weapon)
Jewellery
 d - a +6 ring of dexterity
 h - a ring of protection from cold (left hand)
 A - an amulet of reflection (around neck)
 G - a +4 ring of slaying (right hand)
Wands
 f - a wand of paralysis (10)
 y - a wand of polymorph (11)
 F - a wand of flame (8)
Scrolls
 c - a scroll of teleportation
 i - 2 scrolls of amnesia
 k - 3 scrolls of enchant weapon
 p - 2 scrolls of poison
 t - a scroll of fog
 B - 2 scrolls of magic mapping
Potions
 e - 8 potions of brilliance
 j - 2 potions of cancellation
 l - a potion of invisibility {unknown}
 m - 3 potions of mutation
 o - 3 potions of heal wounds
 r - 2 potions of lignification {unknown}
 s - 4 potions of curing
 u - a potion of flight {unknown}
 v - 6 potions of ambrosia
 w - 5 potions of might
 z - 3 potions of haste
 C - 4 potions of degeneration {unknown}


   Skills:
 + Level 7.5 Fighting
 + Level 11.6 Dodging
 - Level 2.0 Stealth
 + Level 6.4 Spellcasting
 + Level 5.2 Conjurations
 + Level 3.3 Summonings
 + Level 10.8 Air Magic
 + Level 1.7 Evocations


You had 4 spell levels left.
You knew the following spells:

 Your Spells              Type           Power      Damage    Failure   Level
a - Shock                 Conj/Air       100%       1d9       1%          1
b - Static Discharge      Conj/Air       57%        N/A       1%          2
c - Airstrike             Air            34%        N/A       1%          4
d - Summon Lightning Spi  Summ/Air       53%        N/A       13%         4
e - Storm Form            Tmut/Air       22%        N/A       100%        7

Your spell library contained the following spells:

 Spells                   Type           Power      Damage    Failure   Level
 Fulminant Prism          Conj/Hex       8%         3d7       21%         4
 Poisonous Vapours        Pois/Air       88%        N/A       1%          2
 Swiftness                Air            68%        N/A       1%          3
 Summon Small Mammal      Summ           80%        N/A       6%          1
 Call Canine Familiar     Summ           20%        N/A       19%         3
 Ensorcelled Hibernation  Hex/Ice        12%        N/A       36%         2
 Passwall                 Tmut/Erth      5%         N/A       36%         2
 Summon Guardian Golem    Hex/Summ       13%        N/A       36%         3
 Corpse Rot               Necr/Pois/Air  32%        N/A       50%         4
 Anguish                  Hex/Necr       3%         N/A       94%         4
 Maxwell's Capacitive Co  Air            34%        ∞         98%         8
 Enfeeble                 Hex            3%         N/A       100%        7


Dungeon Overview and Level Annotations

Branches:
Dungeon (9/15)             Temple (1/1) D:5             Orc (0/2) D:9
   Lair: D:8-11

Altars:
Ashenzari
Cheibriados
Dithmenos
Elyvilon
Fedhas
Gozag
Hepliaklqana
Kikubaaqudgha
Makhleb
Nemelex Xobeh
Qazlal
Ru
Sif Muna
Trog
Uskayaw
Vehumet
Wu Jian
Xom
Yredelemnul
Zin
The Shining One

Shops:
D:1 *   D:6 [


Innate Abilities, Weirdness & Mutations

You have a beak for a mouth.
You have claws for feet.
Your magical nature lets you fly swiftly and evasively.


Message History

You feel a surge of power!
The air twists around and strikes the shadow!
You destroy the shadow!
Vehumet accepts your kill.
You feel your power returning.
The shadow strikes at you from the darkness!
Deactivating autopickup; reactivate with Ctrl-A.
The shadow strikes at you from the darkness!
Reactivating autopickup.
There is an open door here.
You block the shadow's attack.
The shadow slips into darkness.
The shadow flickers and vanishes!
Deactivating autopickup; reactivate with Ctrl-A.
Casting: Airstrike (dangerous; 1% risk of failure)
Confirm with . or Enter, or press ? or * to list all spells.
You can't see any susceptible monsters within range! (Use Z to cast anyway.)
You closely miss something. You claw something. You peck something.
The shadow strikes at you from the darkness! x2
* * * LOW HITPOINT WARNING * * *
Reactivating autopickup.
Casting: Airstrike (dangerous; 1% risk of failure)
Confirm with . or Enter, or press ? or * to list all spells.
Aiming: Airstrike (dangerous; 1% risk of failure)
Press: ? - help, Dir - move target, f - shadow
Aim: a shadow (empty space bonus: 3/8)
You feel a surge of power!
The air twists around and strikes the shadow!
The shadow is heavily damaged.
The shadow slips into darkness.
The shadow flickers and vanishes!
Deactivating autopickup; reactivate with Ctrl-A.
Casting: Airstrike (dangerous; 1% risk of failure)
Confirm with . or Enter, or press ? or * to list all spells.
Aiming: Airstrike (dangerous; 1% risk of failure)
Press: ? - help, Dir - move target You feel a surge of power!
The air twists around and strikes something!
The shadow strikes at you from the darkness!
You die...

#...##.# #........... #.#...###
#........... #.....#..#...#
#...........
##..####.....####...........
ZZ.# #..#..###.#........... .#
#####.###.#........... ###
######.##.#........... #.#
#.....{.......)....... ..#
######@####........... ###
##..# ####.####### ###### #[.##
#.)# ....[#########'##
###)##### .......##.......#
#.......# .....#..#.......####
#.......#
.....##.'.......'..####.......#
.....####.......##....'......†#
.....# #.......#######....†..#


There were no monsters in sight!

Vanquished Creatures
  2 two-headed ogres
  A gargoyle (D:7)
  An unseen horror (D:8)
  A queen bee (D:9)
  A wyvern (D:6)
  A shadow (D:9)
  A yak (D:7)
  Edmund (D:6)
  2 water moccasins
  An orc warrior (D:7)
  5 sky beasts (D:7)
  4 black bears
  3 ogres
  An ice beast (D:5)
  4 centaurs
  A kobold brigand (D:8)
  6 bullfrogs
  5 scorpions
  A gnoll sergeant (D:7)
  A necrophage (D:6)
  14 wights
  32 killer bees
  A howler monkey (D:7)
  5 hounds
  2 jellies
  5 orc priests
  A gnoll shaman (D:9)
  6 iguanas
  Natasha (thrice) (D:2)
  8 orc wizards
  2 ogre zombies (D:9)
  5 gnolls (D:9)
  5 adders
  4 shadow imps
  3 white imps
  2 ufetubi
  A worm (D:2)
  3 dart slugs
  35 orcs
  5 endoplasms
  14 giant cockroaches
  4 goblins
  4 hobgoblins
  2 jackals (D:3)
  4 quokkas
  8 ball pythons
  5 bats
  7 frilled lizards
  A hobgoblin zombie (D:9)
  16 kobolds
  6 orc zombies (D:9)
  6 rats
262 creatures vanquished.

Vanquished Creatures (others)
  5 fungi (D:2)
  7 plants
12 creatures vanquished.

Grand Total: 274 creatures vanquished

Notes
Turn   | Place    | Note
-------+----------+-------------------------------------------
     0 | D:1      | YayAnonymity the Tengu Air Elementalist began the quest for
                  | the Orb.
     0 | D:1      | Reached XP level 1. HP: 10/10 MP: 4/4
   156 | D:1      | Reached XP level 2. HP: 15/15 MP: 1/6
   211 | D:1      | Learned a level 2 spell: Static Discharge
   554 | D:1      | Found Gircheimp's Assorted Antiques.
   766 | D:1      | Reached XP level 3. HP: 19/19 MP: 4/7
   862 | D:2      | Noticed Natasha
   872 | D:2      | Killed Natasha
  1148 | D:2      | Reached XP level 4. HP: 9/24 MP: 1/9
  1173 | D:2      | Reached skill level 5 in Air Magic
  1488 | D:2      | Found a faded altar of an unknown god.
  1835 | D:2      | Learned a level 4 spell: Airstrike
  1890 | D:2      | Noticed Natasha
  2067 | D:2      | Killed Natasha
  2324 | D:2      | Noticed Natasha
  2334 | D:2      | Killed Natasha
  2335 | D:2      | Gained mutation: Your magical nature lets you fly swiftly
                  | and evasively. [Tengu growth]
  2335 | D:2      | Reached XP level 5. HP: 18/28 MP: 1/11
  3579 | D:4      | Reached XP level 6. HP: 33/33 MP: 7/12
  3936 | D:4      | Reached skill level 1 in Fighting
  4508 | D:1      | Bought a pair of steaming gloves for 152 gold pieces
  4508 | D:1      | Identified the +0 pair of gloves of the Carpenter {MP+9
                  | Str+7 Int+2} (You bought it in a shop on level 1 of the
                  | Dungeon)
  4795 | D:4      | Noticed a black bear
  4803 | D:4      | Killed a black bear
  4804 | D:4      | Reached skill level 3 in Dodging
  4804 | D:4      | Reached XP level 7. HP: 20/40 MP: 14/14
  5177 | D:5      | Entered Level 5 of the Dungeon
  5186 | D:5      | Found a staircase to the Ecumenical Temple.
  5199 | Temple   | Entered the Ecumenical Temple
  5338 | Temple   | Became a worshipper of Vehumet
  5669 | D:5      | Found a burning altar of Makhleb.
  6314 | D:5      | Reached skill level 4 in Dodging
  6666 | D:5      | Noticed a two-headed ogre
  6710 | D:6      | Found Hualuw's Armour Shop.
  6719 | D:6      | Noticed Edmund
  6726 | D:6      | Killed Edmund
  6727 | D:6      | Reached XP level 8. HP: 39/48 MP: 10/15
  6955 | D:6      | Reached * piety under Vehumet
  6955 | D:6      | Offered knowledge of Foxfire by Vehumet.
  6956 | D:6      | Reached skill level 5 in Dodging
  7512 | D:6      | Noticed a wyvern
  7515 | D:6      | Killed a wyvern
  7632 | D:6      | Reached skill level 5 in Fighting
  7632 | D:6      | Reached skill level 6 in Dodging
  7678 | D:6      | Reached skill level 7 in Dodging
  8039 | D:7      | Reached skill level 8 in Dodging
  8039 | D:7      | Reached XP level 9. HP: 54/54 MP: 8/16
  8389 | D:7      | Reached skill level 9 in Dodging
  8775 | D:7      | Reached skill level 10 in Dodging
  9140 | D:7      | Noticed a gargoyle
  9960 | D:7      | Reached XP level 10. HP: 60/60 MP: 10/18
 10196 | D:7      | Reached skill level 5 in Spellcasting
 10325 | D:7      | Killed a gargoyle
 10513 | D:7      | Noticed a two-headed ogre
 10590 | D:7      | Killed a two-headed ogre
 11177 | D:8      | Reached skill level 11 in Dodging
 11538 | D:8      | Reached ** piety under Vehumet
 11538 | D:8      | Offered knowledge of Searing Ray by Vehumet.
 11960 | D:8      | Learned a level 4 spell: Summon Lightning Spire
 11968 | D:8      | Learned a level 7 spell: Storm Form
 12180 | D:8      | Killed an unseen horror
 12181 | D:8      | Reached skill level 10 in Air Magic
 12751 | D:5      | Killed a two-headed ogre
 12752 | D:5      | Reached skill level 1 in Summonings
 13441 | D:9      | Identified a scroll of acquirement
 13442 | D:9      | Acquired a staff of air
 13458 | D:9      | Reached XP level 11. HP: 56/67 MP: 21/21
 13664 | D:9      | Offered knowledge of Conjure Flame by Vehumet.
 13724 | D:9      | Paralysed by a wight for 3 turns
 13771 | D:9      | Reached skill level 1 in Evocations
 14146 | D:9      | Reached *** piety under Vehumet
 14274 | D:9      | Reached skill level 5 in Conjurations
 14766 | D:9      | Offered knowledge of Fulminant Prism by Vehumet.
 14938 | D:9      | Found a staircase to the Orcish Mines.
 14955 | D:9      | Mangled by a shadow

Illustrated notes

Levels and vault maps discovered:
D:1:      sevenhm_arrival_forest_fort_small_3, layout_rooms, serial_shops,
          nicolae_shop_temple_entry_statues_fountains, minmay_tromino_mix6
D:2:      minmay_roachtagon, layout_rooms,
          shapermc_ecumenical_altar_mp_urbaneastern, kennysheep_donut,
          uniq_natasha
D:3:      layout_rooms, minmay_quantized
D:4:      layout_loops_corners
D:5:      cheibrodos_barr_body, layout_layer_cave, bloody_makhleb,
          minmay_temple_entry_statues_pillars
D:6:      layout_loops_corners, serial_shops, nicolae_take_the_stairs,
          serial_bayou_pond_b, uniq_edmund
D:7:      layout_loops_ring, nzn_random_ring
D:8:      layout_basic
D:9:      layout_roguey [special_room_bee], zombieorc1_lemuel
Temple:   mainiacjoe_temple_cubbyholes

Skill      XL: |  1  2  3  4  5  6  7  8  9 10 11 |
---------------+----------------------------------+-----
Conjurations   | 2 3 4 5 |  5.2
Air Magic      | 5 6 8 9 10 | 10.8
Spellcasting   | 3 4 6 |  6.4
Fighting       | 2 4 5 7 |  7.5
Dodging        | 3 4 8 10 11 | 11.6
Summonings     | 2 3 |  3.3
Evocations     | 1 |  1.7
Stealth        | |  2.0

Action                   |  1- 3 |  4- 6 |  7- 9 | 10-12 || total
-------------------------+-------+-------+-------+-------++-------
Melee: Short sword       |     6 |    17 |       |       ||    23
       Peck              |     2 |     2 |     3 |     5 ||    12
       Kick              |     1 |     3 |     5 |     5 ||    14
       Hand axe          |       |       |    14 |     7 ||    21
       Staff             |       |       |       |    14 ||    14
 Cast: Shock             |    53 |   156 |   148 |   131 ||   488
       Static Discharge  |     2 |    12 |    27 |    65 ||   106
       Airstrike         |       |       |    60 |    56 ||   116
  Use: Scroll            |       |    10 |     6 |     3 ||    19
       Potion            |       |       |     2 |       ||     2
Armor: Robe              |     4 |    14 |     5 |       ||    23
       Ring mail         |       |       |    15 |    51 ||    66
Dodge: Dodged            |     7 |    47 |   110 |   197 ||   361
Block: Buckler           |       |     3 |    24 |    94 ||   121
       Reflection        |       |       |       |     2 ||     2

Table legend: (Time is in decaauts)
 A = Elapsed time spent in this place.
 B = Non-inter-level travel time spent in this place.
 C = Inter-level travel time spent in this place.
 D = Time resting spent in this place.
 E = Time spent auto-exploring this place.
 F = Levels seen in this place.
 G = Mean time per level.
                   A        B        C        D        E       F      G
               +--------+--------+--------+--------+--------+-----+--------+
         Total |  14418 |  13801 |    617 |   2995 |   8402 |  10 | 1441.8 |
       Dungeon |  14079 |  13509 |    570 |   2995 |   8120 |   9 | 1564.3 |
        Temple |    339 |    293 |     46 |      0 |    282 |   1 |  339.0 |
               +--------+--------+--------+--------+--------+-----+--------+

Top non-repeatable levels by time:
     D:7: 2915 daAuts
     D:6: 1784 daAuts
     D:8: 1704 daAuts
     D:4: 1692 daAuts
     D:5: 1652 daAuts
     D:2: 1537 daAuts
     D:1: 1103 daAuts
     D:9: 965 daAuts
     D:3: 725 daAuts
  Temple: 339 daAuts
